 Dungeon Crawl Stone Soup version 0.31-a0-1163-gcee99d1eea (webtiles) character file.

Game seed: 18031875220953797832

305 James the Changeling (level 6, -2/38 HPs)
             Began as an Octopode Shapeshifter on Dec 9, 2023.
             Slain by an ogre
             ... wielding a +0 giant club
              (27 damage)
             ... on level 4 of the Dungeon.
             The game lasted 00:04:49 (2402 turns).

James the Changeling (Octopode Shapeshifter)        Turns: 2402, Time: 00:04:50

Health: -2/38      AC:  1    Str: 15    XL:     6   Next: 39%
Magic:  6/6        EV: 13    Int: 12    God:
Gold:   173        SH:  0    Dex: 12    Spells: 5/5 levels left

rFire   + .          .
                       - Unarmed
rCold   . . .        (no shield)
rNeg    . . .        (helmet currently unavailable)
rPois   .            (no amulet)
rElec   .            k - ring of resist corrosion
rCorr   +            i - ring of protection from fire
SInv    .            (no ring)
Will    .....        (no ring)
Stlth   ++           (no ring)
HPRegen 0.26/turn    (no ring)
MPRegen 0.10/turn    (no ring)
                     (no ring)

%: no passive effects
@: beast-form
A: beast (slay +3), almost no armour, amphibious, 8 rings, camouflage 1,
gelatinous body 1, (nimble swimmer 1), tentacles
a: Begin Untransformation


You were on level 4 of the Dungeon.
You were a hulking beast.
You visited 1 branch of the dungeon, and saw 4 of its levels.

You collected 173 gold pieces.

Inventory:

Armour
 m - a +0 buckler
   (You found it on level 3 of the Dungeon)
Jewellery
 e - an amulet of magic regeneration
   (You took it off an orc on level 3 of the Dungeon)
 g - a ring of ice
   (You found it on level 2 of the Dungeon)
 i - a ring of protection from fire (right tentacle)
   (You found it on level 3 of the Dungeon)
 k - a ring of resist corrosion (left tentacle)
   (You found it on level 2 of the Dungeon)
 p - a ring of fire
   (You found it on level 1 of the Dungeon)
Talismans
 b - a beast talisman
 c - a flux talisman
Wands
 d - a wand of iceblast (6)
   (You found it on level 2 of the Dungeon)
 x - a wand of acid (7) (quivered)
   (You found it on level 2 of the Dungeon)
Scrolls
 h - a scroll of poison {unknown}
 j - 2 scrolls of vulnerability {unknown}
 l - a scroll of enchant armour {unknown}
 n - a scroll of enchant weapon {unknown}
 o - a scroll of fog {unknown}
 q - a scroll of fear {unknown}
 r - a scroll of teleportation {unknown}
Potions
 a - a potion of lignification {!q}
 f - 2 potions of curing {unknown}


   Skills:
 - Level 1.0 Fighting
 - Level 2.0 Dodging
 - Level 3.0 Unarmed Combat
 + Level 6.5 Shapeshifting


You had 5 spell levels left.
You didn't know any spells.
Your spell library contained the following spells:

 Spells                   Type           Power      Damage    Failure   Level
 Anguish                  Hex/Necr       0%         N/A       97%         4
 Cause Fear               Hex            0%         N/A       97%         4
 Enfeeble                 Hex            0%         N/A       100%        7


Dungeon Overview and Level Annotations

Branches:
Dungeon (4/15)
 Temple: D:4-7

Altars:

Shops:
D:3 [**(


Innate Abilities, Weirdness & Mutations

You are a hulking beast.
Your limbs bulge with bestial killing power. (Slay +3)
You cannot wear most types of armour.
You are amphibious.
You can wear up to eight rings at the same time.
Your skin changes colour to match your surroundings (Stealth+).
Your rubbery body absorbs attacks. (AC +1, EV +1)
((You are camouflaged when in or above water. (Stealth+)))
You have tentacles for arms and can constrict up to eight enemies at once.


Message History

There is a dry fountain here.
You see here a frilled lizard corpse.
There is an open door here.
There is an open door here.
There is a dry fountain here.
Done exploring.
Done exploring.
Done exploring.
Search for what [Enter for "."]? .
Unknown command.
Unknown command.
Unknown command.
Unknown command.
There is a dry fountain here.
Things that are here:
a +0 dagger; 3 stones
There is a dry fountain here.
You see here a frilled lizard corpse.
There is an open door here.
There is a stone staircase leading down here.
Okay, then.
Unknown command.
You climb downwards.
Found a short sword.
There is a stone staircase leading up here.
You see here a +0 short sword.
Found a stone staircase leading down.
Found 10 gold pieces.
You now have 173 gold pieces (gained 10).
An adder comes into view.
Found an escape hatch in the ceiling.
The adder barely misses you.
You tentacle-slap the adder. You grab the adder. You constrict the adder.
The adder barely misses you.
You tentacle-slap the adder but do no damage.
You squeeze the adder.
You kill the adder!
An ogre comes into view. It is wielding a +0 giant club.
The ogre misses you. The ogre misses you.
You closely miss the ogre. You squeeze the ogre. You tentacle-slap the ogre.
You squeeze the ogre! The ogre hits you with a +0 giant club!
You tentacle-slap the ogre but do no damage.
The ogre barely misses you.
You barely miss the ogre. You barely miss the ogre.
The ogre hits you with a +0 giant club!!
Ouch! That really hurt!
You die...

#.#.# ###.#.#
.....#
##...########
#...........#
#........#
#......#.##
#......#..##
##hO.#.##..#
#.###.###.########
#.###.#...........
#................#
##..#.#........#.
...........#.#
.##........#.#
.##.#........#
#.####...###.#


You could see an ogre.

Vanquished Creatures
  Grinder (D:3)
  Jessica (D:2)
  A gnoll (D:1)
  2 adders
  2 worms
  A dart slug (D:2)
  An orc (D:3)
  6 bats
  5 endoplasms
  6 goblins
  5 hobgoblins
  3 quokkas
  4 ball pythons
  5 frilled lizards
  9 kobolds
  6 rats
58 creatures vanquished.

Notes
Turn   | Place    | Note
-------+----------+-------------------------------------------
     0 | D:1      | James the Octopode Shapeshifter began the quest for the
                  | Orb.
     0 | D:1      | Reached XP level 1. HP: 13/13 MP: 1/1
   162 | D:1      | Reached XP level 2. HP: 18/18 MP: 2/2
   263 | D:1      | Reached XP level 3. HP: 22/23 MP: 3/3
   271 | D:1      | Reached skill level 4 in Shapeshifting
   991 | D:2      | Reached XP level 4. HP: 16/28 MP: 4/4
  1480 | D:2      | Noticed Jessica
  1487 | D:2      | Killed Jessica
  1693 | D:3      | Reached skill level 5 in Shapeshifting
  1735 | D:3      | Found Xalol's Antique Weapon Emporium.
  1812 | D:3      | Found Peong's Armour Boutique.
  1845 | D:3      | Noticed Grinder
  1853 | D:3      | Killed Grinder
  1854 | D:3      | Reached skill level 6 in Shapeshifting
  1854 | D:3      | Reached XP level 5. HP: 12/33 MP: 5/5
  1854 | D:3      | Reached XP level 6. HP: 14/38 MP: 6/6
  1950 | D:3      | Found Siptulu's Assorted Antiques.
  1968 | D:3      | Found Pecy's Assorted Antiques.
  2402 | D:4      | Slain by an ogre

Illustrated notes

Levels and vault maps discovered:
D:1:      minmay_arrival_three_doors, layout_rooms
D:2:      minmay_skewed_foursquare, layout_loops_corners, kennysheep_donut,
          uniq_jessica
D:3:      layout_rooms, serial_shops, shop, shop, nicolae_shop_rolling_square,
          shop, kennysheep_generic_room_2, uniq_grinder
D:4:      layout_basic, lemuel_tele_altar

Skill      XL: |  1  2  3  4 |
---------------+-------------+-----
Shapeshifting  | 4 6 |  6.5
Fighting       | |  1.0
Dodging        | |  2.0
Unarmed Combat | |  3.0

Action                     |  1- 3 |  4- 6 || total
---------------------------+-------+-------++-------
  Melee: Unarmed           |    63 |    53 ||   116
         Constrict         |    18 |    14 ||    32
         Tentacles         |    11 |     9 ||    20
         Punch             |     3 |       ||     3
  Evoke: Wand              |       |     2 ||     2
   Stab: Sleeping          |     4 |     3 ||     7
         Distracted        |       |     1 ||     1
 Armour: Skin              |    27 |    23 ||    50
  Dodge: Dodged            |    40 |    41 ||    81

Table legend: (Time is in decaauts)
 A = Elapsed time spent in this place.
 B = Non-inter-level travel time spent in this place.
 C = Inter-level travel time spent in this place.
 D = Time resting spent in this place.
 E = Time spent auto-exploring this place.
 F = Levels seen in this place.
 G = Mean time per level.
                   A        B        C        D        E       F      G
               +--------+--------+--------+--------+--------+-----+--------+
         Total |   2393 |   2300 |     93 |      0 |   1866 |   4 |  598.2 |
       Dungeon |   2393 |   2300 |     93 |      0 |   1866 |   4 |  598.2 |
               +--------+--------+--------+--------+--------+-----+--------+

Top non-repeatable levels by time:
     D:2: 1146 daAuts
     D:3: 690 daAuts
     D:1: 528 daAuts
     D:4: 27 daAuts
